Map: Orbital Shipyard

Players

zelderan

  • Race: Zerg Zerg
  • League: Grandmaster

Clipse - Winner!

  • Race: Protoss Protoss
  • League: Grandmaster

VOD

Have the link to the VOD?

Description

Time

  • Played on: Sept. 18, 2015, 9:44 a.m.
  • Length: 16:37
Show
View Real Time Build Order
Export as new Build Order

zelderan Zerg 

Build Orders: Hatch First 

Get SALT Encoding   

  12  0:02  Drone  
  13  0:10  Drone  
  14  0:17  Overlord  
  14  0:24  Extractor  
  14  0:25  Drone  
  15  0:37  Drone x2  
  17  0:47  Drone  
  18  0:57  Hatchery  
  18  1:02  Drone  
  18  1:12  Spawning Pool  
  18  1:15  Extractor  
  18  1:16  Drone  
  17  1:19  Drone  
  18  1:31  Drone  
  19  1:39  Overlord  
  19  1:59  Queen  
  19  2:00  Zergling x2  
  22  2:08  Drone  
  23  2:09  Queen  
  23  2:10  Drone  
  23  2:12  Drone  
  27  2:22  Drone  
  28  2:23  Metabolic Boost  
  28  2:27  Drone  
  29  2:40  Queen  
  31  2:52  Queen  
  31  2:54  Hatchery  
  31  2:58  Overlord  
  32  3:10  Overlord  
  32  3:11  Drone x3  
  35  3:21  Drone  
  35  3:22  Drone x3  
  39  3:29  Drone x2  
  39  3:30  Drone  
  42  3:37  Overlord  
  42  3:46  Queen  
  42  3:48  Lair  
  44  3:52  Roach Warren  
  43  4:00  Drone x2  
  43  4:01  Drone x2  
  47  4:03  Drone  
  47  4:04  Drone  
  49  4:14  Drone, Queen  
  52  4:17  Zergling x4  
  52  4:20  Drone x3  
  57  4:30  Drone  
  58  4:34  Overlord x3  
  58  4:41  Extractor  
  57  4:50  Glial Reconstitution  
  57  4:52  Drone  
  58  4:53  Drone x2  
  58  4:54  Drone  
  58  4:56  Roach  
  63  5:02  Hydralisk Den  
  63  5:03  Drone x4  
  63  5:05  Overlord  
  66  5:08  Drone x3  
  66  5:10  Drone  
  66  5:11  Drone x3  
  73  5:18  Evolution Chamber  
  71  5:27  Drone x4  
  71  5:28  Drone x2  
  77  5:29  Extractor  
  77  5:30  Roach x2  
  77  5:31  Roach  
  77  5:32  Extractor  
  81  5:42  Spore Crawler  
  78  5:46  Hydralisk x3, Roach  
  86  5:59  Zerg Missile Weapons Level 1  
  86  6:10  Overseer  
  86  6:13  Spore Crawler  
  86  6:17  Spore Crawler  
  84  6:19  Zergling x10  
  84  6:20  Overlord x3  
  84  6:21  Overlord x2  
  87  6:53  Extractor  
  86  6:58  Overseer  
  86  7:13  Hatchery  
  85  7:25  Drone x3  
  77  7:51  Hatchery  
  72  7:53  Hydralisk x6  
  72  7:54  Hydralisk x5  
  94  8:16  Zerg Ground Armor Level 1  
  94  8:17  Hydralisk x5  
  94  8:18  Hydralisk x5  
  114  8:25  Muscular Augments  
  114  8:33  Overlord x3  
  114  8:35  Drone x5  
  119  8:51  Queen  
  119  8:55  Drone x6  
  127  8:57  Hydralisk x3  
  127  8:58  Hydralisk x5  
  143  9:20  Evolution Chamber  
  143  9:22  Extractor  
  117  9:42  Hydralisk  
  117  9:43  Hydralisk x7  
  125  9:47  Spire  
  125  9:50  Queen  
  126  9:54  Extractor  
  126  9:55  Extractor  
  124  10:02  Zerg Missile Weapons Level 2  
  124  10:13  Hydralisk x3  
  124  10:14  Hydralisk x6  
  126  10:19  Overlord x3  
  126  10:20  Overlord x8  
  142  10:36  Zerg Ground Armor Level 2  
  142  10:42  Infestation Pit  
  141  11:01  Corruptor x2  
  141  11:02  Corruptor x5  
  155  11:21  Hive  
  155  11:30  Corruptor x3  
  155  11:31  Corruptor  
  163  11:36  Infestor  
  163  11:46  Infestor  
  165  12:04  Zerg Flyer Weapons Level 1  
  165  12:07  Corruptor x4  
  173  12:18  Corruptor x2  
  177  12:35  Zerg Missile Weapons Level 3  
  177  12:37  Corruptor x2  
  177  12:43  Spine Crawler  
  180  12:44  Queen  
  180  12:45  Spine Crawler  
  180  12:47  Spine Crawler  
  180  12:48  Corruptor x3  
  181  12:58  Spine Crawler  
  179  13:08  Corruptor x3  
  185  13:30  Drone x5  
  185  13:31  Corruptor x3  
  185  13:33  Overseer x3  
  196  13:48  Pneumatized Carapace  
  196  13:56  Zerg Ground Armor Level 3  
  196  14:02  Zerg Flyer Armor Level 1  
  196  14:23  Corruptor  
  196  14:24  Corruptor  
  154  15:37  Corruptor x9  
  154  15:38  Corruptor x5  
  154  15:39  Hydralisk x2  
  154  15:40  Hydralisk x3  
  154  15:41  Overlord  
  154  15:42  Overlord x7  
  142  15:43  Overlord  
  142  15:46  Corruptor  
  136  16:00  Corruptor  
  136  16:01  Corruptor x2  
Show
View Real Time Build Order
Export as new Build Order

Clipse Protoss - Winner!

Build Orders:  

Get SALT Encoding   

  12  0:00  Probe (Chrono Boost)  
  13  0:10  Probe (Chrono Boost)  
  14  0:22  Probe (Chrono Boost), Pylon  
  15  0:40  Probe (Chrono Boost)  
  15  0:41  Gateway  
  16  0:50  Probe (Chrono Boost)  
  16  0:55  Forge  
  17  1:00  Probe (Chrono Boost)  
  18  1:04  Pylon  
  18  1:10  Probe (Chrono Boost)  
  19  1:15  Assimilator  
  19  1:20  Probe (Chrono Boost)  
  20  1:30  Cybernetics Core  
  20  1:33  Probe (Chrono Boost)  
  20  1:39  Photon Cannon  
  21  1:43  Probe (Chrono Boost)  
  22  2:00  Probe (Chrono Boost)  
  23  2:12  Nexus  
  23  2:13  Probe (Chrono Boost)  
  24  2:25  Assimilator  
  24  2:26  Probe (Chrono Boost)  
  24  2:29  Warp Gate (Chrono Boost)  
  25  2:33  Stalker  
  27  2:38  Probe  
  28  2:53  Pylon  
  28  2:54  Probe  
  29  3:04  Adept  
  31  3:11  Probe  
  32  3:19  Pylon  
  32  3:22  Stargate  
  32  3:24  Pylon  
  32  3:27  Probe  
  32  3:29  Probe  
  34  3:40  Probe  
  34  3:46  Mothership Core  
  37  3:50  Probe  
  37  3:51  Assimilator  
  37  3:52  Assimilator  
  38  3:57  Stalker  
  38  4:00  Probe  
  41  4:04  Gateway  
  41  4:07  Probe  
  42  4:10  Probe  
  42  4:14  Oracle  
  46  4:22  Probe  
  46  4:23  Protoss Air Weapons Level 1 (Chrono Boost)  
  45  4:24  Probe  
  47  4:35  Photon Cannon  
  47  4:38  Probe  
  47  4:40  Probe  
  49  4:49  Zealot  
  49  4:50  Void Ray  
  55  5:02  Probe  
  55  5:04  Probe  
  57  5:07  Photon Cannon  
  57  5:11  Pylon  
  57  5:12  Protoss Shields Level 1  
  57  5:15  Sentry  
  57  5:21  Adept  
  61  5:28  Void Ray (Chrono Boost)  
  65  5:48  Probe x2  
  67  5:56  Fleet Beacon  
  67  5:57  Pylon  
  67  5:59  Adept x2  
  67  6:00  Probe  
  72  6:06  Twilight Council  
  72  6:07  Pylon  
  72  6:09  Probe  
  73  6:12  Probe  
  74  6:20  Void Ray, Stargate  
  78  6:40  Adept  
  78  6:41  Adept  
  82  6:59  Carrier  
  82  7:00  Void Ray  
  86  7:22  Protoss Air Weapons Level 2 (Chrono Boost)  
  92  7:28  Zealot  
  94  7:34  Probe x2, Pylon, Photon Cannon  
  92  7:42  Carrier  
  90  7:46  Probe x2  
  90  8:00  Probe x2  
  90  8:02  Zealot x2  
  96  8:17  Graviton Catapult  
  102  8:21  Protoss Ground Weapons Level 1  
  102  8:24  Nexus  
  102  8:25  Carrier  
  102  8:28  Pylon  
  102  8:30  Pylon  
  102  8:36  Pylon  
  102  8:45  Pylon  
  108  8:50  Probe x2  
  110  8:59  Robotics Facility  
  110  9:02  Probe x2  
  112  9:20  Carrier  
  112  9:27  Photon Cannon  
  112  9:29  Photon Cannon  
  110  9:31  Carrier  
  98  9:50  Zealot  
  98  9:51  Zealot  
  114  10:02  Probe  
  114  10:05  Probe x2  
  117  10:09  Assimilator  
  117  10:11  Assimilator  
  117  10:18  Probe  
  119  10:21  Probe x2  
  119  10:24  Observer  
  121  10:37  Protoss Air Weapons Level 3 (Chrono Boost)  
  121  10:43  Protoss Shields Level 2  
  121  10:45  Probe, Zealot  
  121  10:46  Zealot  
  121  10:47  Probe x2  
  128  10:54  Gateway, Probe  
  128  10:56  Gateway, Carrier  
  129  10:58  Pylon  
  129  11:00  Probe x2  
  137  11:04  Probe  
  137  11:08  Carrier  
  150  11:37  Nexus  
  150  11:39  Pylon  
  150  11:40  Pylon  
  150  11:51  Observer  
  151  11:55  Zealot  
  151  11:56  Zealot  
  155  12:05  Photon Cannon  
  155  12:10  Photon Cannon  
  155  12:11  Photon Cannon  
  155  12:13  Photon Cannon  
  155  12:15  Photon Cannon  
  155  12:17  Stargate  
  155  12:19  Stargate  
  155  12:22  Pylon x2  
  155  12:42  Observer  
  156  12:48  Protoss Air Armor Level 1 (Chrono Boost)  
  156  12:51  Zealot  
  156  12:52  Zealot x3  
  160  12:59  Void Ray (Chrono Boost)  
  160  13:02  Void Ray (Chrono Boost)  
  160  13:03  Void Ray x2 (Chrono Boost)  
  168  13:23  Protoss Shields Level 3  
  168  13:29  Observer  
  168  13:30  Assimilator  
  168  13:32  Assimilator  
  169  13:40  Void Ray (Chrono Boost)  
  169  13:41  Void Ray x2 (Chrono Boost)  
  169  13:42  Void Ray (Chrono Boost)  
  185  14:18  Robotics Bay  
  185  14:19  Pylon  
  185  14:23  Void Ray x2 (Chrono Boost), Charge  
  185  14:24  Forge  
  185  14:30  Zealot x2  
  185  14:31  Zealot  
  199  15:00  Stargate  
  199  15:02  Stargate  
  199  15:07  Observer  
  199  15:20  Nexus  
  199  15:21  Carrier x3 (Chrono Boost)  
  175  15:39  Zealot  
  175  15:40  Zealot x3  
  197  16:04  Mothership Core  
Tags
 
Add a new tag
Caveats
  • Supply blocks, unpowered buildings, or Contaminate may cause inaccurate times.
  • Supply counts are checked every 10 seconds.